 Dungeon Crawl Stone Soup version 0.22.0-27-ga576289 (webtiles) character file.

14 poirepourri the Magician (level 2, -9/19 HPs)
             Began as a Mummy Ice Elementalist on Aug 22, 2018.
             Mangled by Sigmund
             ... wielding a +0 scythe
              (13 damage)
             ... on level 2 of the Dungeon.
             The game lasted 00:01:24 (2154 turns).

poirepourri the Magician (Mummy Ice Elementalist)   Turns: 2154, Time: 00:01:24

Health: -9/19      AC:  3    Str: 11    XL:     2   Next: 27%
Magic:  3/6        EV: 12    Int: 14    God:
Gold:   77         SH:  0    Dex: 12    Spells: 5/8 levels left

rFire    x . .     SeeInvis .   (no weapon)
rCold    + . .     Gourm    .   (no shield)
rNeg     + + +     Faith    .   a - +0 robe
rPois    ∞         Spirit   .   (no helmet)
rElec    .         Reflect  .   (no cloak)
rCorr    .         Harm     .   f - +0 pair of gloves
MR       .....                  (no boots)
Stlth    +.........             (no amulet)
HPRegen  0.06/turn              (no ring)
MPRegen  0.10/turn              (no ring)

@: confused
A: no food or potions, fire vulnerability, cold resistance 1, negative energy
resistance 3, torment resistance, unbreathing
a: no special abilities


You were on level 2 of the Dungeon.
You were not hungry.

You visited 1 branch of the dungeon, and saw 2 of its levels.

You collected 77 gold pieces.

Inventory:

Armour
 a - a +0 robe (worn)
 e - a +0 buckler
 f - a +0 pair of gloves (worn)
Scrolls
 c - a scroll of identify
 d - a scroll of fear


   Skills:
 - Level 1.5 Dodging
 - Level 1.5 Stealth
 + Level 3.8 Spellcasting
 - Level 0.7 Conjurations
 - Level 2.4 Ice Magic


You had 5 spell levels left.
You knew the following spells:

 Your Spells              Type           Power        Failure   Level  Hunger
a - Freeze                Ice            #...         8%          1    N/A
b - Throw Frost           Conj/Ice       #.....       16%         2    N/A

Your spell library contained the following spells:

 Spells                   Type           Power        Failure   Level  Hunger
 Ozocubu's Armour         Chrm/Ice       #.......     34%         3    N/A
 Throw Icicle             Conj/Ice       #.......     71%         4    N/A
 Summon Ice Beast         Ice/Summ       #.......     75%         4    N/A

Dungeon Overview and Level Annotations

Branches:
Dungeon (2/15)

Altars:

Annotations:
D:2 Sigmund


Innate Abilities, Weirdness & Mutations

You do not eat or drink.
Your flesh is vulnerable to fire.
You are immune to poison.
Your flesh is cold resistant. (rC+)
You are immune to negative energy. (rN+++)
You are immune to unholy pain and torment.
You can survive without breathing.


Message History

Aim: Sigmund, wielding a scythe and wearing a robe (lightly wounded)
You freeze Sigmund.
Sigmund is moderately wounded.
Sigmund casts a spell at you. The puff of flame hits you!
The fire burns you terribly!
Casting: Freeze (safe; 8% risk of failure)
Confirm with . or Enter, or press ? or * to list all spells.
Aiming: Freeze (safe; 8% risk of failure)
Press: ? - help, Shift-Dir - straight line, f/p - Sigmund
Aim: Sigmund, wielding a scythe and wearing a robe (moderately wounded)
You freeze Sigmund.
Sigmund is moderately wounded.
The giant cockroach bites you but does no damage.
Sigmund casts a spell at you.
You are confused.
The giant cockroach bites you.
* * * LOW HITPOINT WARNING * * *
Sigmund hits you from afar with a scythe!
Ouch! That really hurt!
You die...

.....### ?.....
....# # ...#
###.######.######
#...).....÷.......
#..#.##@s....#
#.......###..#
#.##.#@## ##.# #
#.# .s. #.# .#.#
... ##... #.# ...
#(# ##. #.. #..


You could see Sigmund and a giant cockroach.

Vanquished Creatures
  A dart slug (D:1)
  A giant cockroach (D:1)
  A goblin (D:1)
  3 hobgoblins (D:1)
  A ball python (D:1)
  A bat (D:1)
  2 frilled lizards
  A kobold (D:1)
  A rat (D:1)
12 creatures vanquished.

Notes
Turn   | Place    | Note
-------+----------+-------------------------------------------
     0 | D:1      | poirepourri the Mummy Ice Elementalist began the quest for the Orb.
     0 | D:1      | Reached XP level 1. HP: 13/13 MP: 4/4
   300 | D:1      | Reached skill level 3 in Spellcasting
   930 | D:1      | Reached XP level 2. HP: 14/19 MP: 3/6
  1755 | D:2      | Learned a level 2 spell: Throw Frost
  1806 | D:2      | Noticed Sigmund
  2154 | D:2      | Mangled by Sigmund

Skill      XL: |  1 |
---------------+----+-----
Spellcasting   | 3 |  3.8
Dodging        | |  1.5
Stealth        | |  1.5
Conjurations   | |  0.7
Ice Magic      | |  2.4

Action                   || total
-------------------------++-------
Melee: Unarmed           ||    12
 Cast: Freeze            ||    24
       Throw Frost       ||     2
  Use: Scroll            ||     2
Armor: Robe              ||     6
Dodge: Dodged            ||    24
